cohdb
Replays
Latest Replays
All Replays
Popular Replays
Top Player Replays
Match Explorer
How It Works
Community
CoH3 Stats
Reddit
Sign in to upload your games and track your stats! →
Sign in with Steam
Match 41618402
Unlisted
Match 41618402
Overview
Messages
Build Orders
End
Panzergrenadier Squad
250 Light Carrier
Panzergrenadier Squad
Construct Light Support Kompanie
Combat Half-tracks
MG34 Team
Construct Mechanized Kompanie
Support Armor Elements
le.IG 18 Mechanized Group
Marder III Tank Destroyer
Panzerjäger Squad
Selects Panzerjäger Kommand Battlegroup
Selects Tank Busters
Selects Mine Fields
Marder III Tank Destroyer
Veteran Squad Leaders
2.5-tonne Medical Truck
Vehicle Survival Package
Thrusher
Mythless
V1rus
MadKritik
[PD]roarr
Speedbird
Khayyam
Corpse
0
0
Comments
sign in to comment!
No comments posted yet!